 Dungeon Crawl Stone Soup version 0.32-a0-876-gcfddb08e57 (webtiles) character file.

Game seed: 8182566908901933331

486 javelincjr the Trooper (level 6, -2/57 HPs)
             Began as a Minotaur Fighter on Apr 1, 2024.
             Was a Priest of Lugonu.
             Slain by a scorpion (3 damage)
             ... on level 5 of the Dungeon.
             The game lasted 00:07:24 (2978 turns).

javelincjr the Trooper (Minotaur Fighter)           Turns: 2978, Time: 00:07:24

Health: -2/57      AC: 11    Str: 23    XL:     6   Next: 89%
Magic:  5/5        EV:  9    Int: 11    God:    Lugonu [***...]
Gold:   165        SH:  4    Dex:  9    Spells: 5/5 levels left

rFire   + . .        w - +0 mace (protect)
rCold   . . .        c - +0 buckler
rNeg    . . .        j - +1 leather armour {rPois}
rPois   +            (helmet restricted)
rElec   .            (no cloak)
rCorr   .            (no gloves)
SInv    .            (no boots)
Will    .....        (no amulet)
Stlth   +            g - ring of protection from fire
HPRegen 0.29/turn    t - +6 ring of intelligence
MPRegen 0.09/turn

%: no passive effects
@: mighty, brilliant, lethally poisoned (-2 -> -7), under a protective aura
A: horns 2, retaliatory headbutt
a: Renounce Religion, Depart the Abyss, Banish


You were on level 5 of the Dungeon.
You worshipped Lugonu.
Lugonu was most pleased with you.
You visited 1 branch of the dungeon, and saw 5 of its levels.

You collected 165 gold pieces.

Inventory:

Hand Weapons
 a - a +0 trident
 q - a +0 sling
 v - a +0 war axe
 w - a +0 mace of protection (weapon)
Missiles
 r - 2 javelins (quivered)
Armour
 b - a +0 scale mail
 c - a +0 buckler (worn)
 i - a +0 plate armour
 j - a +1 leather armour of poison resistance (worn)
Jewellery
 g - a ring of protection from fire (left hand)
 t - a +6 ring of intelligence (right hand)
Wands
 o - a wand of flame (9)
Scrolls
 f - 2 scrolls of teleportation {unknown}
 l - a scroll of vulnerability {unknown}
 m - a scroll of noise {unknown}
 n - 2 scrolls of amnesia {unknown}
 p - 3 scrolls of identify {unknown}
 s - 2 scrolls of immolation {unknown}
Potions
 e - a potion of haste {unknown}
 h - a potion of brilliance
 k - 4 potions of curing {unknown}
 u - a potion of heal wounds {unknown}


   Skills:
 + Level 5.7 Fighting
 + Level 4.9 Polearms
 + Level 5.6 Armour
 + Level 5.6 Shields


You had 5 spell levels left.
You didn't know any spells.
Your spell library contained the following spells:

 Spells                   Type           Power      Damage    Failure   Level
 Tukima's Dance           Hex            0%         N/A       82%         3
 Dimensional Bullseye     Hex/Tloc       0%         N/A       99%         4
 Iskenderun's Mystic Bla Conj/Tloc 0%             2d3        (+2d1     99%         4
 Haunt                    Necr/Summ      0%         N/A       100%        7
 Borgnjor's Revivificati  Necr           0%         N/A       100%        8
 Death's Door             Necr           0%         N/A       100%        9


Dungeon Overview and Level Annotations

Branches:
Dungeon (5/15)
 Temple: D:4-7

Altars:
Lugonu

Shops:
D:5 *

Annotations:
D:5 Blork the orc


Innate Abilities, Weirdness & Mutations

You have a pair of horns on your head.
You reflexively headbutt those who attack you in melee.


Message History

You climb downwards.
Blork the orc shouts!
The orc priest shouts!
Found an escape hatch in the ceiling.
There is a stone staircase leading up here.
There are monsters nearby!
A scorpion comes into view.
Found Vuyceewn's General Store.
Blork the orc hits you from afar with a +0 trident of venom!
You are poisoned.
You feel very sick.
Blork the orc hits you but does no damage.
You hit Blork the orc.
Your weapon exudes an aura of protection.
Blork the orc is lightly wounded.
You feel very sick.
Blork the orc hits you with a +0 trident of venom.
You are more poisoned.
You hit Blork the orc but do no damage.
You headbutt Blork the orc, but do no damage.
Blork the orc is lightly wounded.
You feel very sick.
Blork the orc hits you but does no damage.
The scorpion stings you but does no damage.
You hit Blork the orc but do no damage.
Blork the orc is lightly wounded.
You feel very sick. You block Blork the orc's attack. The scorpion stings you.
Blork the orc hits you with a +0 trident of venom.
You feel very mighty all of a sudden.
You feel sick. The scorpion stings you.
* * * LOW HITPOINT WARNING * * *
The orc priest calls down the wrath of Beogh upon you.
Pain shoots through your body!
* * * LOW HITPOINT WARNING * * *
Blork the orc hits you but does no damage.
It was a potion of brilliance.
You feel clever all of a sudden.
* * * LOW HITPOINT WARNING * * *
You feel sick. The scorpion stings you.
You die...

# #...# #. #...#
#∩ #...#
#..##...# #
#<......###...#
##.###..<....o..
..ß....o########
........#
......s@#
......o.#
.........
..........
#..........
######+####. .#
#


You could see Blork the orc, a scorpion and an orc priest.

Vanquished Creatures
  Grinder (D:3)
  A bombardier beetle (D:4)
  2 sleepcaps (D:4)
  Natasha (thrice) (D:3)
  6 adders
  A dart slug (D:3)
  2 ribbon worms (D:2)
  An orc (D:4)
  6 bats
  8 endoplasms
  5 giant cockroaches
  5 goblins
  10 hobgoblins
  3 jackals (D:2)
  3 quokkas
  10 ball pythons
  5 frilled lizards
  5 kobolds
  5 rats
82 creatures vanquished.

Notes
Turn   | Place    | Note
-------+----------+-------------------------------------------
     0 | D:1      | javelincjr the Minotaur Fighter began the quest for the
                  | Orb.
     0 | D:1      | Reached XP level 1. HP: 19/19 MP: 0/0
   117 | D:1      | Reached XP level 2. HP: 19/27 MP: 1/1
   339 | D:1      | Found a faded altar of an unknown god.
   344 | D:1      | Prayed at the altar of an unknown god.
   344 | D:1      | Became a worshipper of Lugonu the Unformed
   344 | D:1      | Reached * piety under Lugonu
   816 | D:2      | Reached XP level 3. HP: 31/33 MP: 2/2
  1040 | D:2      | Reached ** piety under Lugonu
  1095 | D:2      | Reached XP level 4. HP: 36/41 MP: 3/3
  1459 | D:3      | Noticed Natasha
  1472 | D:3      | Killed Natasha
  1652 | D:3      | Noticed Grinder
  1677 | D:3      | Killed Grinder
  1678 | D:3      | Reached skill level 5 in Fighting
  1678 | D:3      | Reached skill level 5 in Armour
  1678 | D:3      | Reached skill level 5 in Shields
  1678 | D:3      | Reached XP level 5. HP: 48/48 MP: 4/4
  1678 | D:3      | Reached XP level 6. HP: 56/56 MP: 5/5
  1679 | D:3      | Noticed Natasha
  1688 | D:3      | Killed Natasha
  1833 | D:3      | Noticed Natasha
  1836 | D:3      | Killed Natasha
  2447 | D:4      | Reached *** piety under Lugonu
  2970 | D:5      | Entered Level 5 of the Dungeon
  2970 | D:5      | Noticed Blork the orc
  2971 | D:5      | Found Vuyceewn's General Store.
  2978 | D:5      | HP: 1/57 [poisoned by Blork the orc]
  2978 | D:5      | Slain by a scorpion

Illustrated notes

Levels and vault maps discovered:
D:1:      zaba_arrival_water, layout_loops_ring,
          shapermc_ecumenical_altar_acropolis
D:2:      layout_basic
D:3:      layout_basic, kennysheep_generic_room_6, uniq_natasha, uniq_grinder
D:4:      layout_gridville
D:5:      layout_basic, serial_shops, kennysheep_mini_moat,
          nicolae_shop_gibbet_a_chance, nicolae_inconvenience_store,
          shop_statue, shop, uniq_blork_the_orc

Skill      XL: |  1  2  3  4 |
---------------+-------------+-----
Armour         | 4 5 |  5.6
Fighting       | 4 5 |  5.7
Shields        | 4 5 |  5.6
Polearms       | 3 4 |  4.9

Action                     |  1- 3 |  4- 6 || total
---------------------------+-------+-------++-------
  Melee: Trident           |   100 |   111 ||   211
         Headbutt          |    14 |    21 ||    35
         Mace              |       |     9 ||     9
    Use: Potion            |       |     2 ||     2
 Armour: Scale mail        |    37 |       ||    37
         Leather armour    |    18 |    77 ||    95
  Dodge: Dodged            |    30 |    37 ||    67
  Block: Buckler           |    17 |    17 ||    34

Table legend: (Time is in decaauts)
 A = Elapsed time spent in this place.
 B = Non-inter-level travel time spent in this place.
 C = Inter-level travel time spent in this place.
 D = Time resting spent in this place.
 E = Time spent auto-exploring this place.
 F = Levels seen in this place.
 G = Mean time per level.
                   A        B        C        D        E       F      G
               +--------+--------+--------+--------+--------+-----+--------+
         Total |   3033 |   2834 |    199 |      0 |   2283 |   5 |  606.6 |
       Dungeon |   3033 |   2834 |    199 |      0 |   2283 |   5 |  606.6 |
               +--------+--------+--------+--------+--------+-----+--------+

Top non-repeatable levels by time:
     D:4: 1028 daAuts
     D:1: 806 daAuts
     D:2: 643 daAuts
     D:3: 546 daAuts
     D:5: 9 daAuts
